 Dungeon Crawl Stone Soup version 0.30-a0-694-g3340775977 (webtiles) character file.

Game seed: 306261094573805666

58 Bnni the Vexing (level 4, 0/32 HPs)
             Began as a Formicid Hexslinger on Jan 20, 2023.
             Succumbed to an adder's poison
             ... on level 2 of the Dungeon.
             The game lasted 00:02:00 (1472 turns).

Bnni the Vexing (Formicid Hexslinger)               Turns: 1472, Time: 00:02:00

Health: 0/32       AC:  2    Str: 15    XL:     4   Next: 20%
Magic:  5/6        EV: 12    Int: 14    God:
Gold:   110        SH:  0    Dex: 14    Spells: 2/6 levels left

rFire   . . .      SeeInvis +    a - +1 sling
rCold   . . .      Faith    .    (no shield)
rNeg    . . .      Spirit   .    c - +0 robe
rPois   .          Reflect  .    (helmet unavailable)
rElec   .          Harm     .    (no cloak)
rCorr   .          Rampage  .    (no gloves)
Will    .....                    (no boots)
Stlth   +                        (no amulet)
HPRegen 0.25/turn                (no ring)
MPRegen 0.10/turn                (no ring)

@: lethally poisoned (0 -> -6)
A: permanent stasis, dig shafts and tunnels, antennae 3, four strong arms
a: Dig, Shaft Self


You were on level 2 of the Dungeon.
You visited 1 branch of the dungeon, and saw 3 of its levels.

You collected 110 gold pieces.

Inventory:

Hand Weapons
 a - a +1 sling (weapon)
Missiles
 g - 6 poisoned darts
Armour
 c - a +0 robe (worn)
Scrolls
 b - a scroll of poison
 h - a scroll of fear {unknown}
 k - a scroll of enchant armour {unknown}
 l - a scroll of noise {unknown}
 p - a scroll of summoning {unknown}
 q - a scroll of teleportation {unknown}
 r - 2 scrolls of identify {unknown}
 s - a scroll of amnesia {unknown}
Potions
 d - a potion of lignification {unknown}
 e - a potion of brilliance {unknown}
 f - 2 potions of heal wounds {unknown}
 i - a potion of attraction {unknown}
 j - a potion of haste {unknown}
 m - a potion of curing {unknown}
 n - a potion of experience {unknown}
 o - a potion of cancellation {unknown}
 t - a potion of mutation {unknown}


   Skills:
 + Level 1.5 Fighting
 * Level 2.6 Ranged Weapons
 - Level 1.7 Dodging
 + Level 1.7 Spellcasting
 * Level 4.2 Hexes
 * Level 1.5 Fire Magic


You had 2 spell levels left.
You knew the following spells:

 Your Spells              Type           Power      Damage    Failure   Level
a - Slow                  Hex            52%        N/A       4%          1
b - Inner Flame           Hex/Fire       9%         N/A       22%         3

Your spell library contained the following spells:

 Spells                   Type           Power      Damage    Failure   Level
 Beastly Appendage        Tmut           2%         N/A       24%         1
 Sting                    Tmut/Pois      4%         1d3       24%         1
 Poisonous Vapours        Pois/Air       2%         N/A       36%         2
 Wereblood                Tmut           1%         N/A       36%         2
 Portal Projectile        Hex/Tloc       14%        N/A       30%         3
 Cause Fear               Hex            6%         N/A       38%         4
 Spider Form              Tmut/Pois      1%         N/A       58%         3
 Olgreb's Toxic Radiance  Pois           1%         N/A       94%         4


Dungeon Overview and Level Annotations

Branches:
Dungeon (3/15)

Altars:
Elyvilon


Innate Abilities, Weirdness & Mutations

You cannot be hasted, slowed, berserked, paralysed or teleported.
You can dig through walls and to a lower floor.
You have a pair of large antennae on your head. (SInv)
Your four strong arms can wield two-handed weapons with a shield.


Message History

You are poisoned.
The adder poisons you!
You shoot a sling bullet. The sling bullet hits the adder.
The adder is heavily wounded.
You feel sick.
The adder bites you but does no damage. x2
The adder misses you. The adder barely misses you.
You shoot a sling bullet.
The sling bullet hits the adder but does no damage.
The adder is heavily wounded.
You feel sick. The adder closely misses you. The adder bites you.
You are more poisoned.
The adder poisons you! The adder bites you.
Casting: Slow (safe; 4% risk of failure)
Confirm with . or Enter, or press ? or * to list all spells.
Aiming: Slow (safe; 4% risk of failure)
Press: ? - help, Shift-Dir - straight line, f/p - adder
Aim: an adder (heavily wounded, chance to affect: 55%)
The adder seems to slow down.
You feel sick. The adder bites you.
You are more poisoned.
The adder poisons you! The adder bites you.
You feel sick. The adder bites you. The adder closely misses you.
You climb upwards.
* * * LOW HITPOINT WARNING * * *
You feel very sick.
There is a stone staircase leading down here.
You shoot a sling bullet.
The sling bullet barely misses the adder.
You feel sick. The adder completely misses you. The adder barely misses you.
The adder bites you.
* * * LOW HITPOINT WARNING * * *
You shoot a sling bullet.
The sling bullet closely misses the adder.
* * * LOW HITPOINT WARNING * * *
You feel sick. The adder bites you.
* * * LOW HITPOINT WARNING * * *
You are more poisoned.
The adder poisons you! The adder barely misses you.
You shoot a sling bullet.
The sling bullet barely misses the adder.
You die...

################
###...............
###@S...............
#.S..##.#####....###
#....+..# #....#
#....#### #)...#
########### #.####
#.......# #.#
#.......###'##
#.......'..).#
#.<.....##...#


You could see 2 adders.

Vanquished Creatures
  An adder (D:2)
  2 dart slugs
  4 ball pythons
  3 bats
  3 endoplasms
  2 giant cockroaches (D:2)
  8 goblins
  6 hobgoblins
  2 jackals (D:1)
  2 quokkas
  A frilled lizard (D:2)
  3 kobolds (D:1)
  3 rats
40 creatures vanquished.

Notes
Turn   | Place    | Note
-------+----------+-------------------------------------------
     0 | D:1      | Bnni the Formicid Hexslinger began the quest for the Orb.
     0 | D:1      | Reached XP level 1. HP: 15/15 MP: 2/2
   194 | D:1      | Reached XP level 2. HP: 21/21 MP: 3/3
   302 | D:1      | Found a faded altar of an unknown god.
   311 | D:1      | Reached skill level 4 in Hexes
   518 | D:1      | Reached XP level 3. HP: 24/26 MP: 3/5
   522 | D:1      | Learned a level 3 spell: Inner Flame
   631 | D:1      | Reached skill level 1 in Fire Magic
   957 | D:2      | Found a white marble altar of Elyvilon.
   982 | D:2      | Reached XP level 4. HP: 10/32 MP: 4/6
  1472 | D:2      | Succumbed to an adder's poison

Illustrated notes

Levels and vault maps discovered:
D:1:      nagdon_arrival_double_spiral, layout_basic,
          nicolae_ecumenical_snake_handling
D:2:      layout_basic, basic_altar
D:3:      layout_loops_ring, mainiacjoe_overflow_tiny_flanked,
          nzn_wu_jian_contemplation

Skill      XL: |  1  2  3 |
---------------+----------+-----
Hexes          | 4 |  4.2
Fire Magic     | 1 |  1.5
Fighting       | |  1.5
Ranged Weapons | |  2.6
Dodging        | |  1.7
Spellcasting   | |  1.7

Action                   |  1- 3 |  4- 6 || total
-------------------------+-------+-------++-------
 Fire: Sling             |   103 |    25 ||   128
 Cast: Slow              |     1 |     1 ||     2
Armor: Robe              |    12 |     3 ||    15
Dodge: Dodged            |    32 |    16 ||    48

Table legend: (Time is in decaauts)
 A = Elapsed time spent in this place.
 B = Non-inter-level travel time spent in this place.
 C = Inter-level travel time spent in this place.
 D = Time resting spent in this place.
 E = Time spent auto-exploring this place.
 F = Levels seen in this place.
 G = Mean time per level.
                   A        B        C        D        E       F      G
               +--------+--------+--------+--------+--------+-----+--------+
         Total |   1507 |   1459 |     48 |      0 |   1170 |   3 |  502.3 |
       Dungeon |   1507 |   1459 |     48 |      0 |   1170 |   3 |  502.3 |
               +--------+--------+--------+--------+--------+-----+--------+

Top non-repeatable levels by time:
     D:1: 901 daAuts
     D:2: 595 daAuts
     D:3: 10 daAuts
